 Dungeon Crawl Stone Soup version 0.28.0-53-g5a82cb258f (webtiles) character file.

Game seed: 741338137169722740

284 Peloso the Covered (level 6, -9/53 HPs)
             Began as a Minotaur Fighter on Aug 18, 2022.
             Mangled by an ogre
             ... wielding a +0 giant spiked club
              (21 damage)
             ... on level 4 of the Dungeon.
             The game lasted 00:06:13 (4161 turns).

Peloso the Covered (Minotaur Fighter)               Turns: 4161, Time: 00:06:13

Health: -9/53      AC: 12    Str: 20    XL:     6   Next: 7%
Magic:  5/5        EV:  6    Int:  5    God:
Gold:   425        SH:  7    Dex: 18    Spells: 5/5 levels left

rFire   + . .      SeeInvis .   a - +0 long sword
rCold   . . .      Faith    .   c - +1 buckler
rNeg    + . .      Spirit   .   m - +0 plate armour
rPois   .          Reflect  .   (helmet restricted)
rElec   +          Harm     .   (no cloak)
rCorr   .          Rampage  .   (no gloves)
Will    +....                   (no boots)
Stlth   ..........              (no amulet)
HPRegen 0.17/turn               i - ring of positive energy
MPRegen 0.09/turn               l - ring "Cipluh" {*Slow rElec rF+ Will+ Dex+6}

@: no status effects
A: horns 2, retaliatory headbutt
a: no special abilities


You were on level 4 of the Dungeon.
You visited 1 branch of the dungeon, and saw 4 of its levels.
You also visited: Ossuary.

You collected 425 gold pieces.

Inventory:

Hand Weapons
 a - a +0 long sword (weapon)
Armour
 b - a +0 scale mail
 c - a +1 buckler (worn)
 j - a +0 chain mail
 m - a +0 plate armour (worn)
Jewellery
 i - a ring of positive energy (left hand)
 l - the ring "Cipluh" (right hand) {*Slow rElec rF+ Will+ Dex+6}
   (You found it on level 4 of the Dungeon)

   [ring of dexterity]

   Dex:       It affects your dexterity (+6).
   rF:        It protects you from fire.
   rElec:     It insulates you from electricity.
   *Slow:     It may slow you when you take damage.
   Will:      It increases your willpower.
Wands
 f - a wand of charming (13)
Scrolls
 h - a scroll of enchant armour
 o - a scroll of blinking
 t - a scroll of teleportation {unknown}
 u - a scroll of enchant weapon {unknown}
 v - a scroll of noise {unknown}
Potions
 d - a potion of might
 g - 2 potions of berserk rage
 k - a potion of cancellation
 p - a potion of curing {unknown}
 q - 3 potions of brilliance {unknown}
 r - a potion of lignification {unknown}
 s - a potion of flight {unknown}
 w - a potion of invisibility {unknown}


   Skills:
 + Level 4.6 Fighting
 + Level 4.7 Long Blades
 + Level 5.4 Armour
 + Level 1.0 Dodging
 + Level 0.6 Stealth
 + Level 4.6 Shields


You had 5 spell levels left.
You didn't know any spells.
Your spell library contained the following spells:

 Spells                   Type           Power      Damage    Failure   Level
 Gell's Gravitas          Tloc           0%         N/A       100%        3
 Lesser Beckoning         Tloc           0%         N/A       100%        3
 Teleport Other           Tloc           0%         N/A       100%        3


Dungeon Overview and Level Annotations

Branches:
Dungeon (4/15)            Ossuary (visited)
 Temple: D:4-7

Altars:
Fedhas

Shops:
D:2 [


Innate Abilities, Weirdness & Mutations

You have a pair of horns on your head.
You reflexively headbutt those who attack you in melee.


Message History

Done exploring.
As you read the scroll of identify, it crumbles to dust.
e - 4 potions of attraction You drop 4 potions of attraction.
As you read the scroll of identify, it crumbles to dust.
k - a potion of cancellation
There is an open door here.
Okay, then.
There is a gate leading back out of this place here.
Blink to where?
Press: ? - help, Dir - move target
As you read the scroll labelled HIDECOSIODD, it crumbles to dust.
It was a scroll of blinking.
You start waiting.
Done waiting.
There is a gate leading back out of this place here.
Welcome back to the Dungeon!
The ogre barely misses you. The mummy hits you!
There is a collapsed entrance, spattered with blood here.
You block the ogre's attack. You block the mummy's attack.
There is an open door here.
You hit the ogre. Your headbutt misses the ogre.
The ogre is lightly wounded.
The ogre closely misses you.
You hit the ogre. You headbutt the ogre.
The ogre is heavily wounded.
You block the ogre's attack.
You hit the ogre. You headbutt the ogre.
The ogre is severely wounded.
The ogre hits you with a +0 giant spiked club!
You hit the ogre.
The ogre is almost dead.
The ogre closely misses you.
You hit the ogre. You headbutt the ogre.
The ogre is almost dead.
The ogre hits you with a +0 giant spiked club!!
* * * LOW HITPOINT WARNING * * *
You barely miss the ogre.
The ogre is almost dead.
The ogre hits you with a +0 giant spiked club!!
You die...

##### ##.OM##
##.@#..#
##..##..#
##..###..#
###.#
##..##.#M.#
#....
#..##..#..#
##....
#.##...'..#
......#
#..##..#..#
#.....
##.O##.#.....##
#...
##..###.##...#
###...


You could see an ogre and a mummy.

Vanquished Creatures
  A scorpion (D:3)
  An orc wizard (D:4)
  8 mummies (Ossuary)
  2 adders (D:2)
  3 worms
  5 orcs
  6 ball pythons
  4 endoplasms
  4 giant cockroaches
  2 goblins (D:1)
  5 hobgoblins
  4 jackals (D:1)
  A kobold (D:1)
  6 quokkas
  4 bats
  2 frilled lizards
  A gnoll zombie (Ossuary)
  A hobgoblin zombie (Ossuary)
  3 kobold zombies (Ossuary)
  3 orc zombies (Ossuary)
  7 rats
73 creatures vanquished.

Notes
Turn   | Place    | Note
-------+----------+-------------------------------------------
     0 | D:1      | Peloso the Minotaur Fighter began the quest for the Orb.
     0 | D:1      | Reached XP level 1. HP: 19/19 MP: 0/0
   218 | D:1      | Reached skill level 4 in Armour
   225 | D:1      | Reached XP level 2. HP: 22/27 MP: 1/1
   824 | D:1      | Found a faded altar of an unknown god.
  1298 | D:2      | Reached XP level 3. HP: 32/33 MP: 2/2
  1351 | D:2      | Found Qauvveh's Antique Armour Boutique.
  1405 | D:2      | Found a blossoming altar of Fedhas.
  2293 | D:3      | Found a blossoming altar of Fedhas.
  2382 | D:3      | Reached XP level 4. HP: 40/40 MP: 3/3
  2437 | D:3      | Noticed a scorpion
  2455 | D:3      | Killed a scorpion
  2894 | D:4      | Reached XP level 5. HP: 47/47 MP: 4/4
  2947 | D:4      | Reached skill level 5 in Armour
  2966 | D:4      | Identified the ring "Cipluh" {*Slow rElec rF+ Will+ Dex+6}
  2993 | D:4      | Noticed an ogre
  3020 | D:4      | Found a sand-covered staircase.
  3030 | Ossuary  | Entered an ossuary
  3087 | Ossuary  | Reached skill level 1 in Dodging
  3754 | Ossuary  | Reached XP level 6. HP: 27/53 MP: 5/5
  4161 | D:4      | Mangled by an ogre

Illustrated notes

Levels and vault maps discovered:
D:1:      eino_arrival_cavern_a, layout_basic,
          hellmonk_ecumenical_altar_inner_sanctum, hangedman_decor_opposing,
          minmay_misc_feat_four_crosses
D:2:      layout_basic, basic_altar, serial_shops, shop, nicolae_wormholes
D:3:      layout_basic, fedhas_ov_isle_minmay
D:4:      layout_cave_pools, chequers_temple_overflow_statue_of_worship,
          gup_ossuary_entry_pyramid

Skill      XL: |  1  2  3  4  5 |
---------------+----------------+-----
Armour         | 4 5 |  5.4
Shields        | 4 |  4.6
Fighting       | 4 |  4.6
Long Blades    | 3 4 |  4.7
Dodging        | 1 |  1.0
Stealth        | |  0.6

Action                   |  1- 3 |  4- 6 || total
-------------------------+-------+-------++-------
Melee: Long sword        |    87 |   124 ||   211
       Headbutt          |     8 |    18 ||    26
  Use: Scroll            |     2 |     5 ||     7
Armor: Scale mail        |    43 |       ||    43
       Chain mail        |     7 |    10 ||    17
       Plate armour      |       |    49 ||    49
Dodge: Dodged            |    46 |    28 ||    74
Block: Buckler           |    18 |    34 ||    52
